 Dungeon Crawl Stone Soup version 0.20.1-1-g8b1a95d (webtiles) character file.

147 Linguinho the Vexing (level 5, -1/36 HPs)
             Began as a Demonspawn Enchanter on Oct 31, 2017.
             Slain by Doodlejackbod's ghost (18 damage)
             ... on level 4 of the Dungeon.
             The game lasted 00:06:42 (2899 turns).

Linguinho the Vexing (Demonspawn Enchanter)         Turns: 2899, Time: 00:06:42

Health: -1/36      AC:  2    Str:  9    XL:     5   Next: 8%
Magic:  8/9        EV: 12    Int: 19    God:
Gold:   122        SH:  0    Dex: 14    Spells: 6/9 levels left

rFire    . . .     SeeInvis .   a - +1 dagger
rCold    . . .     Gourm    .   (no shield)
rNeg     . . .     Faith    .   b - +0 robe
rPois    .         Spirit   .   (no helmet)
rElec    .         Reflect  .   (no cloak)
rCorr    +         Harm     .   (no gloves)
MR       .....                  (no boots)
Stlth    ++........             (no amulet)
Regen    0.2/turn               g - ring of resist corrosion
MPRegen  0.2/turn               s - +3 ring of intelligence

@: no status effects
A: demonic guardian 1, spiny 2
a: no special abilities


You were on level 4 of the Dungeon.
You were hungry.

You visited 1 branch of the dungeon, and saw 4 of its levels.

You collected 122 gold pieces.

Inventory:

Hand Weapons
 a - a +1 dagger (weapon)
Armour
 b - a +0 robe (worn)
Jewellery
 g - a ring of resist corrosion (left hand)
 s - a +3 ring of intelligence (right hand)
Wands
 v - a wand of paralysis (15/24)
Scrolls
 e - a scroll of noise {unknown}
 f - 2 scrolls of fog {unknown}
 h - a scroll of amnesia {unknown}
 j - a scroll of remove curse {unknown}
 k - 3 scrolls of identify
 n - a scroll of teleportation {unknown}
 p - 2 scrolls of enchant weapon {unknown}
 u - a scroll of blinking {unknown}
Potions
 l - a potion of heal wounds {unknown}
 m - 3 potions of ambrosia {unknown}
 r - a potion of degeneration {unknown}
 t - a potion of curing {unknown}
Books
 c - a book of Maledictions

   Spells                             Type                      Level
   a - Corona                         Hexes                        1
   b - Ensorcelled Hibernation        Hexes/Ice                    2
   c - Confuse                        Hexes                        3
   d - Tukima's Dance                 Hexes                        3
   e - Dazzling Spray                 Conjuration/Hexes            3
Comestibles
 d - 2 bread rations
 i - a royal jelly
 o - 3 fruits
 q - 2 meat rations


   Skills:
 + Level 0.6 Fighting
 + Level 1.6 Short Blades
 + Level 2.1 Dodging
 + Level 3.3 Stealth
 + Level 2.9 Spellcasting
 + Level 3.9 Hexes
 + Level 1.0 Ice Magic


You had 6 spell levels left.
You knew the following spells:

 Your Spells              Type           Power        Failure   Level  Hunger
a - Corona                Hex            ###....      3%          1    None
b - Ensorcelled Hibernat  Hex/Ice        ##....       9%          2    ##.....


Dungeon Overview and Level Annotations

Branches:
Dungeon (4/15)
 Temple: D:4-7

Altars:
Cheibriados
Gozag
Nemelex Xobeh

Annotations:
D:4 Doodlejackbod's ghost, amateur TrMo


Innate Abilities, Weirdness & Mutations

A weak demonic guardian rushes to your aid.
You are mostly covered in sharp spines.


Message History

Confirm with . or Enter, or press ? or * to list all spells.
Aiming: Corona
Press: ? - help, Shift-Dir - straight line, f - Doodlejackbod's ghost
Aim: Doodlejackbod's ghost (black smoke, severely damaged, chance to defeat MR: 43%) Doodlejackbod's ghost is outlined in light.
Your iron imp hits Doodlejackbod's ghost.
You strike the helpless Doodlejackbod's ghost from behind!
You puncture Doodlejackbod's ghost!
Doodlejackbod's ghost is almost destroyed.
Doodlejackbod's ghost barely misses you.
Your iron imp closely misses Doodlejackbod's ghost.
You hit Doodlejackbod's ghost.
Doodlejackbod's ghost is almost destroyed.
Doodlejackbod's ghost hits you!
Your iron imp barely misses Doodlejackbod's ghost.
You hit Doodlejackbod's ghost.
Doodlejackbod's ghost is almost destroyed.
Doodlejackbod's ghost hits you!!
Ouch! That really hurt!
You die...

######## ####
#......# ...#
#......# ....##
####......##......
#.............)...
#....###..........
#.....##..........
###..@##......##..
#..W######### .
#..5# ###...#
#.....# +....##
#....# .......
...?......


You could see Doodlejackbod's ghost and a friendly iron imp.

Vanquished Creatures
  3 adders
  An ooze (D:2)
  2 worms (D:2)
  A dart slug (D:1)
  3 leopard geckos
  4 orcs (D:3)
  4 bats
  4 giant cockroaches
  4 goblins
  2 hobgoblins
  2 jackals (D:1)
  5 kobolds
  3 quokkas
  2 ball pythons
  6 frilled lizards
  6 rats
52 creatures vanquished.

Vanquished Creatures (collateral kills)
  2 orc wizards (D:3)
  4 orcs (D:3)
6 creatures vanquished.

Grand Total: 58 creatures vanquished

Notes
Turn   | Place    | Note
-------+----------+-------------------------------------------
     0 | D:1      | Linguinho the Demonspawn Enchanter began the quest for the Orb.
     0 | D:1      | Reached XP level 1. HP: 13/13 MP: 3/3
   212 | D:1      | Gained mutation: You are partially covered in sharp spines. [demonic ancestry]
   212 | D:1      | Reached XP level 2. HP: 18/19 MP: 3/5
   256 | D:1      | Learned a level 2 spell: Ensorcelled Hibernation
  1113 | D:2      | Gained mutation: You are mostly covered in sharp spines. [demonic ancestry]
  1113 | D:2      | Reached XP level 3. HP: 25/25 MP: 3/6
  1120 | D:2      | Reached skill level 1 in Short Blades
  1525 | D:2      | Found a snail-covered altar of Cheibriados.
  1526 | D:2      | Found an opulent altar of Gozag.
  1777 | D:2      | Gained mutation: A weak demonic guardian rushes to your aid. [demonic ancestry]
  1777 | D:2      | Reached XP level 4. HP: 28/31 MP: 4/7
  2537 | D:3      | Reached skill level 1 in Ice Magic
  2537 | D:3      | Reached XP level 5. HP: 13/36 MP: 3/9
  2766 | D:3      | Found a sparkling altar of Nemelex Xobeh.
  2873 | D:4      | Noticed Doodlejackbod's ghost (amateur TrMo)
  2899 | D:4      | Slain by Doodlejackbod's ghost

Skill      XL: |  1  2  3  4 |
---------------+-------------+-----
Dodging        | 2 |  2.1
Short Blades   | 1 |  1.6
Stealth        | 3 |  3.3
Ice Magic      | 1 |  1.0
Fighting       | |  0.6
Spellcasting   | |  2.9
Hexes          | |  3.9

Action                   |  1- 3 |  4- 6 || total
-------------------------+-------+-------++-------
Melee: Dagger            |    81 |    38 ||   119
 Cast: Corona            |    19 |     2 ||    21
       Ensorcelled Hiber |    14 |     6 ||    20
  Use: Scroll            |       |     1 ||     1
 Stab: Sleeping          |    13 |     2 ||    15
       Distracted        |       |     1 ||     1
  Eat: Chunk             |     4 |     3 ||     7
Armor: Robe              |    12 |     5 ||    17
Dodge: Dodged            |    49 |    21 ||    70
